 Dungeon Crawl Stone Soup version 0.29.0-4-gdea44cf6ec (webtiles) character file.

Game seed: 15178276274342367538

4 qw the Sneak (level 1, 0/14 HPs)
             Began as a Gargoyle Delver on Sept 10, 2022.
             Slain by an orc
             ... wielding a +0 short sword
              (1 damage)
             ... on level 4 of the Dungeon.
             The game lasted 00:00:01 (71 turns).

qw the Sneak (Gargoyle Delver)                        Turns: 71, Time: 00:00:01

Health: 0/14       AC:  5    Str: 15    XL:     1   Next: 70%
Magic:  1/1        EV: 11    Int: 10    God:
Gold:   0          SH:  0    Dex: 11    Spells: 0/0 levels left

rFire   . . .      SeeInvis .   a - +0 hand axe
rCold   . . .      Faith    .   (no shield)
rNeg    + . .      Spirit   .   b - +0 leather armour
rPois   inf        Reflect  .   (no helmet)
rElec   +          Harm     .   (no cloak)
rCorr   .          Rampage  .   (no gloves)
Will    .....                   (no boots)
Stlth   +++.......              (no amulet)
HPRegen 0.04/turn               (no ring)
MPRegen 0.07/turn               (no ring)

@: no status effects
A: sickness immunity, AC +2, negative energy resistance 1, electricity
resistance, torment resistance 1, petrification resistance
a: no special abilities


You were on level 4 of the Dungeon.
You visited 1 branch of the dungeon, and saw 2 of its levels.


Innate Abilities, Weirdness & Mutations

You are immune to sickness and miasma.
Your stone body is resilient. (AC +2)
You are immune to poison.
You resist negative energy. (rN+)
You are resistant to electric shocks. (rElec)
You are resistant to unholy torment.
You are immune to petrification.


   Skills:
 - Level 3.2 Fighting
 + Level 2.2 Axes
 - Level 1.5 Dodging
 - Level 5.4 Stealth


You couldn't memorise any spells.
You didn't know any spells.
Your spell library was empty.

Inventory:

Hand Weapons
 a - a +0 hand axe (weapon)
Armour
 b - a +0 leather armour (worn)
Wands
 g - a wand of digging (3)
Potions
 f - a potion of haste

Dungeon Overview and Level Annotations

Branches:
Dungeon (5/15)
 Temple: D:4-7

Altars:

Annotations:
D:4 Robin


Message History

You hit the dart slug.
The dart slug is heavily wounded.
The goblin shouts!
The dart slug bites you but does no damage.
You hear a shout! x5
The endoplasm quivers.
You hear a shout! x2
The orc shouts!
You hit the dart slug.
The dart slug is severely wounded.
You closely miss the goblin. You hit the goblin.
You hear a shout! x2
The goblin barely misses you. The goblin hits you with a +0 club.
A hobgoblin comes into view.
Robin of the Strong Arm comes into view.
They are wielding a +0 dagger.
A goblin comes into view. It is wielding a +0 dagger.
The dart slug barely misses you.
You hit the goblin.
You kill the goblin!
You hit the dart slug but do no damage. You hit the goblin.
The goblin closely misses you.
Robin roars a battlecry!
The goblins go into a battle-frenzy!
The dart slug closely misses you. The goblin hits you with a +0 club.
The orc closely misses you. The goblin hits you with a +0 dagger.
You hear a shout!
You hit the dart slug.
You kill the dart slug!
You hit the goblin. You barely miss the orc. You hit the goblin.
You kill the goblin!
You hit the goblin but do no damage. The orc hits you with a +0 short sword.
The goblin barely misses you. The goblin closely misses you.
Your Axes skill increases to level 2!
You hit the goblin.
The goblin is severely wounded.
You completely miss Robin. You hit the orc.
You hit the hobgoblin but do no damage. You barely miss the goblin.
The orc hits you with a +0 short sword.
You die...

.##
..#######
.......#
......#
.....# ....#
##og.#####
#g@.......
#..g)g.##...
#..#....#
#... ##J....
..# (......
. ....##.#
...## .#
....# #


You could see Robin, an orc, an endoplasm, a hobgoblin and 2 goblins.

Vanquished Creatures
  A dart slug (D:4)
  2 goblins (D:4)
3 creatures vanquished.

Notes
Turn   | Place    | Note
-------+----------+-------------------------------------------
     0 | D:5      | qw the Gargoyle Delver began the quest for the Orb.
     0 | D:5      | Reached XP level 1. HP: 14/14 MP: 1/1
     0 | D:5      | 0 ||| qw: Version: 0.1-a-117-gfe26ee0
     0 | D:5      | 0 ||| qw: Game counter: 9624
     0 | D:5      | 0 ||| qw: Always use a shield: true
     0 | D:5      | 0 ||| qw: God list: Okawaru
     0 | D:5      | 0 ||| qw: Allow faded altars: false
     0 | D:5      | 0 ||| qw: Do Orc after D:15 true
     0 | D:5      | 0 ||| qw: Do second Lair branch before Depths: true
     0 | D:5      | 0 ||| qw: Lair rune preference: random
     0 | D:5      | 0 ||| qw: Plans: Normal
     0 | D:5      | 0 ||| PLANNING D:1-11
    53 | D:5      | 53 ||| DROPPING scroll of fog.
    54 | D:5      | 54 ||| DROPPING scroll of magic mapping.
    55 | D:5      | 55 ||| DROPPING scroll of fear.
    68 | D:4      | Noticed Robin
    70 | D:4      | HP: 1/14 [orc/+0 short sword (4)]
    71 | D:4      | Slain by an orc

Levels and vault maps discovered:
D:4:      layout_basic, grunt_gozag_breadcrumbs, kennysheep_big_empty_room,
          kennysheep_doodads, minmay_misc_feat_nine_boxes,
          minmay_misc_feat_roman, st_stairs_11, uniq_robin
D:5:      minmay_inner_zag, layout_loops_corners, minmay_temple_entry_poolview,
          chequers_decorated_corner, minmay_tree_intersection,
          uniq_prince_ribbit1

Skill      XL: |  1 |
---------------+----+-----
Axes           | 2 |  2.2
Fighting       | |  3.2
Dodging        | |  1.5
Stealth        | |  5.4

Action                   || total
-------------------------++-------
Melee: Hand axe          ||     6
 Stab: Sleeping          ||     1
Armor: Leather armour    ||     1
Dodge: Dodged            ||     7

Table legend:
 A = Non-vault XP
 B = Vault XP
 C = Vault XP percentage of total XP
 D = Non-vault monster count
 E = Vault monster count
 F = Vault count percentage of total count
                 A         B        C        D         E       F
            +---------+---------+-------+---------+---------+-------
      Total |       4 |       3 |  42.9 |       1 |       2 |  66.7
            +---------+---------+-------+---------+---------+-------
        D:4 |       4 |       3 |  42.9 |       1 |       2 |  66.7
            +---------+---------+-------+---------+---------+-------
